AoeStats
← mbrdgrs6

Arabia

510633609Analyzed
1v1 RM · 2d ago on Oct 1, 2026· 33m 50s· 2 players
Game mode
Random Map
Map size
Tiny (2 player)
Population
200
Speed
Normal
Resources
Standard
Victory
Conquest
Starting age
Dark Age
Ending age
Imperial Age
RankedLock teamsTeams togetherTeam positionsShared explorationLock speedFull tech treeHidden civsTurbo modeCheats
Victory
Defeat
🇺🇸 Ethiopians · United States
1145
+16
🇦🇷 Danes · Argentina
1137
-16
polako16
4:04 Loom
10:17 Feudal Age
11:07 Double-Bit Axe
11:34 Man-at-Arms
17:04 Horse Collar
21:30 Castle Age
22:22 Thumb Ring
22:20 Pikeman
24:36 Elite Skirmisher
mbrdgrs6
6:13 Loom
9:43 Feudal Age
9:51 Man-at-Arms
21:30 Castle Age
19:39 Gold Mining
19:40 Double-Bit Axe
21:33 Scale Mail Armor
22:23 Forging
22:33 Fletching
22:46 Crossbowman
24:26 Husbandry
26:40 Bodkin Arrow
Connection lost

Rejoining the realm…

Still unreachable

The connection could not be restored.

Session expired

The server has moved on; the page needs a fresh start.